[Event "*** MasterClass Titled Tuesday Blitz"]
[Site "Chess.com"]
[Date "2017.10.03"]
[Round "4"]
[White "maciek_92"]
[Black "ka1ser64"]
[Result "1-0"]
[WhiteElo "2524"]
[BlackElo "2318"]
[TimeControl "180+2"]
[EndTime "13:52:51 PDT"]
[Termination "maciek_92 won by resignation"]

1. e4 e6 2. d4 d5 3. Nd2 Nf6 4. e5 Nfd7 5. Bd3 c5 6. c3 Nc6 7. Ne2 cxd4 8. cxd4 f6 9. exf6 Nxf6 10. Nf3 Bd6 11. O-O O-O 12. Bg5 Bd7 13. Rc1 Be8 14. Ng3 h6 15. Be3 Ng4 16. Bd2 Qb6 17. Qe2 Bf7 18. Bc3 Rae8 19. Rce1 e5 20. dxe5 Ngxe5 21. Nxe5 Bxe5 22. Qg4 Bxc3 23. bxc3 Ne5 24. Qd1 Nxd3 25. Qxd3 Qf6 26. Rxe8 Rxe8 27. Ne2 Qg6 28. Qxg6 Bxg6 29.
Nd4 Bd3 30. Rd1 Bc4 31. h4 Kf7 32. a4 Kf6 33. a5 b5 34. axb6 axb6 35. Rb1 Rb8 36.
Re1 b5 37. Re6+ Kf7 38. Rc6 b4 39. cxb4 Rxb4 40. Rc7+ Kf6 41. Rc6+ Ke5 42. Nf3+ Kf5 43. Rc7 Rb1+ 44. Kh2 g5 45. hxg5 hxg5 46. Rf7+ Kg6 47. Ne5+ Kh6 48. Rc7 Rc1 49. g4 Rc2 50. Kg3 Bd3 51.
Rd7 Rc3 52. f3 Bc4 53. Rc7 Rc2 54. Rc6+ Kh7 55. Nf7 d4 56. Nxg5+ Kg7 57. Rd6 d3 58.
Ne4 Re2 59. g5 Kf7 60. Kf4 Ke7 61. Rd4 Bb5 62. Nc3 Rb2 63. Nxb5 Rxb5 64. Rxd3 Ke6 65.
Re3+ Kf7 66. Kg4 Rb1 67. Ra3 Rg1+ 68. Kf5 Rb1 69. Ra7+ Kf8 70. f4 Rb5+ 71. Kg4 Rb1 72. g6 Kg8 73. Kg5 Rb4 74. f5 Rb6 75. f6 Rb5+ 76. Kh6 1-0

[Event "*** MasterClass Titled Tuesday Blitz"]
[Site "Chess.com"]
[Date "2017.10.03"]
[Round "4"]
[White "saraswathii"]
[Black "PulpanJ"]
[Result "1/2-1/2"]
[WhiteElo "2307"]
[BlackElo "2341"]
[TimeControl "180+2"]
[EndTime "13:52:57 PDT"]
[Termination "Game drawn by stalemate"]

1. d4 Nf6 2. Bf4 b6 3. e3 Bb7 4. Nf3 g6 5. c4 Bg7 6. Nc3 O-O 7. Be2 Ne4 8. Nxe4 Bxe4 9. Bd3 Bxd3 10. Qxd3 d6 11.
O-O Nd7 12. Rad1 Qe8 13. Rfe1 e5 14. dxe5 Nxe5 15. Bxe5 Bxe5 16. b3 Bg7 17. e4 a5 18.
Qd5 a4 19. e5 dxe5 20. Nxe5 Ra5 21. Nd3 Rxd5 22. Rxe8 Rxe8 23. cxd5 a3 24. Kf1 Bf8 25. Rc1 Bd6 26. h3 Kg7 27. Rc3 Kf6 28. Rc4 Ra8 29. Ke2 Ra5 30. b4 Rxd5 31. Rc3 Kf5 32. f3 Rd4 33.
Ke3 Rh4 34. Rxa3 Ke6 35. Ra7 Rc4 36. a3 f5 37. Ra8 Rc2 38. g4 Rc3 39. Kd2 Rc4 40.
Rh8 fxg4 41. hxg4 h5 42. gxh5 gxh5 43. Rxh5 Kf6 44. Rh8 Kg7 45. Rd8 Rh4 46. Nf2 Rh2 47. Ke1 Bg3 48. Rd2 Kf6 49. Kf1 Bxf2 50. Rxf2 Rh1+ 51. Kg2 Ra1 52. Rc2 c5 53. Rc3 Ke6 54. bxc5 bxc5 55. Rxc5 Rxa3 56. Kg3 Ra4 57. Rb5 Kf6 58.
Rh5 Rb4 59. Rh4 Rxh4 60. Kxh4 Kf5 61. Kg3 Kg5 62. f4+ Kf5 63. Kf3 Kg6 64. Ke4 Kf6 65. f5 Ke7 66. Kf3 Kf6 67. Kg4 Ke7 68. Kg5 Kf7 69. f6 Kf8 70. Kf4 Kf7 71. Ke5 Kf8 72. Ke6 Ke8 73. f7+ Kf8 74. Kf6 1/2-1/2

[Event "*** MasterClass Titled Tuesday Blitz"]
[Site "Chess.com"]
[Date "2017.10.03"]
[Round "4"]
[White "ZapataCharlesS"]
[Black "1stSecond"]
[Result "1/2-1/2"]
[WhiteElo "2561"]
[BlackElo "2613"]
[TimeControl "180+2"]
[EndTime "13:53:10 PDT"]
[Termination "Game drawn - insufficient material"]

1. d4 Nf6 2. Nf3 e6 3. Bg5 h6 4. Bxf6 Qxf6 5. e4 b6 6. c3 Bb7 7. Bd3 c5 8. O-O Be7 9. Re1 O-O 10. e5 Qf4 11. Nbd2 cxd4 12. cxd4 Bb4 13. Be4 d5 14.
exd6 Bxe4 15. Rxe4 Qxd6 16. a3 Bxd2 17. Qxd2 Nc6 18.
Rg4 Kh8 19. Rd1 Rad8 20. b4 Qd5 21. Qd3 Rd7 22. b5 Ne7 23. Ne5 Rc7 24. Re4 Kg8 25. h4 Rfc8 26. Qf3 Nf5 27. a4 Rc3 28. Qg4 Rc1 29.
Ree1 Rxd1 30. Rxd1 Rd8 31. Nc6 Rd7 32. Rd3 Qc4 33. Qd1 Qa2 34. d5 exd5 35. Qg4 Qa1+ 36. Kh2 Qf6 37. h5 Qd6+ 38. g3 g6 39. Rd2 Kh7 40.
Rd3 d4 41. Qe4 Qe6 42. Qxe6 fxe6 43. g4 Ne7 44. hxg6+ Kxg6 45. Rxd4 Rxd4 46. Nxd4 Kf6 47. Nc6 Nd5 48. Nxa7 Nc3 49. a5 Nd5 50. a6 Nc7 51.
Kg3 Ke5 52. f4+ Ke4 53. g5 hxg5 54. fxg5 Kf5 55. Kh4 e5 56. Nc6 Nxb5 57. Ne7+ Ke6 58.
Nc8 e4 59. Nxb6 e3 60. Kg3 Kf5 61. Kf3 Kxg5 62. Nd5 Kf5 63. Kxe3 Ke5 64. Nc3 Na7 65. Kd3 Kd6 66. Kc4 Kc6 67. Nd5 Nc8 68. Nb4+ Kb6 69. Kd5 Na7 70. Kd6 Nc6 71. Nd5+ Kxa6 72. Kxc6 1/2-1/2

[Event "*** MasterClass Titled Tuesday Blitz"]
[Site "Chess.com"]
[Date "2017.10.03"]
[Round "4"]
[White "Alexander_Moskalenko"]
[Black "GrigorGrigorov"]
[Result "0-1"]
[WhiteElo "2636"]
[BlackElo "2725"]
[TimeControl "180+2"]
[EndTime "13:53:22 PDT"]
[Termination "GrigorGrigorov won on time"]

1. Nf3 Nf6 2. b3 c5 3. Bb2 e6 4. c4 b6 5. g3 Bb7 6. Bg2 Be7 7. O-O O-O 8. e3 d5 9. cxd5 Nxd5 10. Nc3 Bf6 11.
d4 Nxc3 12. Bxc3 Nc6 13. Rc1 cxd4 14. Nxd4 Bxd4 15. Bxd4 Nxd4 16. Bxb7 Rb8 17. Be4 Nf5 18. Qxd8 Rfxd8 19. Rc7 Nd6 20. Bd3 Ne8 21. Rc3 Rbc8 22. Rfc1 Rxc3 23. Rxc3 g6 24. Bb5 Nd6 25. Ba6 Rd7 26.
Kf1 Ne4 27. Rc2 Kg7 28. Ke2 h5 29. b4 g5 30. Bd3 Nxf2 31. Bb5 Rd5 32. Bc6 Rf5 33. Bf3 Ng4 34. Bxg4 hxg4 35. Rc4 a5 36. Rxg4 axb4 37. Rxb4 Ra5 38. a4 Kg6 39. Kf3 Kf6 40.
h4 gxh4 41. gxh4 Kg6 42. Kg4 f5+ 43. Kf4 e5+ 44. Kg3 Kh5 45. Kh3 Rc5 46. Kg3 Rc3 47. Kf2 Ra3 48. Ke2 e4 49. Rxb6 Rxa4 50. Rf6 Ra2+ 51.
Ke1 Kg4 52. h5 Rh2 53. h6 Kf3 54. Rxf5+ Kxe3 55. Kf1 Rxh6 56. Ra5 Rh1+ 57. Kg2 Rd1 58. Ra4 Kd3 59. Ra3+ Ke2 60. Ra2+ Rd2 61. Ra1 Rb2 62. Kg3 e3 63. Rh1 Rb8 64. Ra1 Rg8+ 65. Kh2 Kf2 66.
Kh3 e2 67. Ra2 Kf1 0-1

[Event "*** MasterClass Titled Tuesday Blitz"]
[Site "Chess.com"]
[Date "2017.10.03"]
[Round "4"]
[White "igorkovalenko"]
[Black "Bengalas"]
[Result "0-1"]
[WhiteElo "2716"]
[BlackElo "2552"]
[TimeControl "180+2"]
[EndTime "13:53:26 PDT"]
[Termination "Bengalas won by resignation"]

1. d4 Nf6 2. Nf3 e6 3. Bg5 h6 4.
Bh4 c5 5. e3 b6 6. c3 Bb7 7. Nbd2 cxd4 8. exd4 Be7 9. Bd3 d6 10.
Qe2 Nbd7 11. O-O O-O 12. Ba6 Qc8 13. Bxb7 Qxb7 14. a4 a6 15. Rfe1 Rfe8 16. Nc4 b5 17. Ne3 Bf8 18. Bxf6 Nxf6 19. Qd3 d5 20. b4 a5 21.
bxa5 Rxa5 22. axb5 Rxb5 23. Reb1 Rxb1+ 24. Rxb1 Qc7 25. g3 Rc8 26. Rc1 Bd6 27. c4 dxc4 28. Rxc4 Qd7 29. Rxc8+ Qxc8 30. Qb5 Qd7 31. Qa6 Qc7 32. Kg2 g6 33. Nc4 Be7 34. Nfe5 Kg7 35. h4 h5 36.
Qa2 Qb7+ 37. f3 Nd5 38. Qc2 Bf6 39. Nd6 Ne3+ 40. Kf2 Nxc2 41. Nxb7 Nxd4 42. Nd7 Nf5 43. Nxf6 Kxf6 44. Nc5 Nd6 45. Nd7+ Ke7 46. Ne5 Ne8 47. Ke3 Nf6 48. Kf4 Nd7 49. Nd3 f6 50. Ke4 Kd6 51. Nf4 Nf8 52. Nd3 e5 53. Ke3 Ne6 54. Nf2 Nc5 55.
g4 Ke6 56. f4 exf4+ 57. Kxf4 hxg4 58. Kxg4 Nd7 59. Kf4 Ne5 60. Ne4 Nd3+ 61. Ke3 Ne5 62. Kf4 Nf7 63. Nc5+ Ke7 64. Ne4 Nd8 65. Ng3 Ne6+ 66.
Ke4 Ng7 67. Kf3 f5 68. Ne2 Kf6 69. Nf4 Ne6 70. Nd5+ Kg7 71. Ne7 Kh6 72. Kg3 Kh5 73. Nd5 Nc5 74. Nf4+ Kh6 75. Kf3 Ne4 76. Kg2 Nf6 77.
Kg3 Nh5+ 0-1

[Event "*** MasterClass Titled Tuesday Blitz"]
[Site "Chess.com"]
[Date "2017.10.03"]
[Round "4"]
[White "pKiLz5Rn9b"]
[Black "Noukii"]
[Result "1-0"]
[WhiteElo "2542"]
[BlackElo "2683"]
[TimeControl "180+2"]
[EndTime "13:53:27 PDT"]
[Termination "pKiLz5Rn9b won by resignation"]

1. Nf3 d5 2. e3 c6 3. d4 Nf6 4. c4 Bf5 5. Nc3 e6 6. Be2 Nbd7 7. Nh4 Be4 8. f3 Bg6 9. g3 Bh5 10. Qb3 Rb8 11. Ng2 Bd6 12. Nf4 Bxf4 13. gxf4 O-O 14. Bd2 c5 15. dxc5 Nxc5 16. Qa3 b6 17. cxd5 Nxd5 18. O-O-O a5 19. Nxd5 Qxd5 20. Bc3 Qc6 21. Kb1 Bxf3 22. Rhg1 f6 23. Bxf3 Qxf3 24. Bd4 Rbd8 25. Ka1 Rd5 26. Rc1 Rc8 27. Bxf6 g6 28. Bd4 Kf7 29. Qc3 Rc7 30. Qd2 Rcd7 31. Qc2 Qe4 32.
Qxe4 Nxe4 33. Bxb6 a4 34. Bd4 Rh5 35. Rc2 Rb5 36. a3 Nd6 37. Re1 Nf5 38. Be5 Rb3 39. Rc3 Rxc3 40. Bxc3 Rd3 41. e4 Ne3 42. Kb1 Ng2 43. Rf1 Re3 44. f5 Rxe4 45. fxe6+ Kxe6 46. Rf6+ Kd5 47. Ra6 Ne3 48. Bb4 Kc4 49. Ka2 Kd3 50. Rxa4 Nd5 51. Kb3 Re3 52. Ra5 Kd4+ 53. Ka4 Rh3 54. Bd6 Nb6+ 55. Kb5 Nc4 56. Ra4 Rb3+ 57. Rb4 Rxb4+ 58. Bxb4 Nxb2 59. h4 Ke4 60. Bc3 Nd3 61. a4 Kd5 62. a5 Nc5 63. Bb4 Ne6 64. Kb6 Kc4 65. Bd6 Nd4 66. a6 Nb5 67. Bf8 h5 68. Be7 Nc3 69. a7 Nd5+ 70. Kb7 Nxe7 71. a8=Q Kd5 72. Qe8 Ke6 73. Kc7 Kf6 74. Kd7 Nf5 75.
Qf8+ Ke5 76. Qh8+ Ke4 77. Qf6 Kf4 78. Qg5+ Ke5 79. Ke8 1-0

[Event "*** MasterClass Titled Tuesday Blitz"]
[Site "Chess.com"]
[Date "2017.10.03"]
[Round "4"]
[White "ChessWarrior7197"]
[Black "Blitzstream"]
[Result "1/2-1/2"]
[WhiteElo "2657"]
[BlackElo "2503"]
[TimeControl "180+2"]
[EndTime "13:53:41 PDT"]
[Termination "Game drawn - insufficient material"]

1. e4 d5 2. exd5 Qxd5 3. Nf3 Bg4 4. Be2 Nc6 5. O-O O-O-O 6. h3 Bxf3 7. Bxf3 Qd7 8. Nc3 Nd4 9. d3 Nf6 10. Be3 e6 11. Bxd4 Qxd4 12. Ne2 Qh4 13. c3 g5 14. Nd4 h5 15. Qb3 Nd5 16. Qa4 Bc5 17. Rfe1 Bxd4 18. cxd4 g4 19. Bxd5 Rxd5 20. Qxa7 gxh3 21.
g3 Qg4 22. Re3 Qxd4 23. Qa8+ Kd7 24. Qxb7 h4 25. Rc1 Rc8 26. Rc4 h2+ 27. Kh1 Qf6 28.
Qc6+ Kd8 29. Rf4 Rf5 30. Rxf5 Qxf5 31. Rf3 Qg6 32. Kxh2 h3 33. Qe4 Qg8 34. Qh4+ Ke8 35. Qa4+ Ke7 36. Qb4+ Ke8 37. Rf4 Rd8 38. Qb5+ Ke7 39.
Qc5+ Ke8 40. Qxc7 Qg6 41. Rh4 Qg7 42. Rb4 Qf6 43. Rf4 Qg6 44. d4 Rd7 45. Qc8+ Ke7 46. Qc5+ Ke8 47. Kxh3 Rd5 48. Qc8+ Ke7 49. Qc7+ Ke8 50. Kg2 Rh5 51. a4 Qh7 52. Qc6+ Ke7 53. a5 Rh2+ 54. Kg1 Rh5 55. Qe4 Qxe4 56. Rxe4 Rxa5 57. Re2 Kd6 58. b4 Rb5 59. Rb2 Kd5 60. Kg2 Kxd4 61. Kf3 Kc3 62. Rb1 Rf5+ 63. Ke3 Rb5 64.
Rc1+ Kxb4 65. Rb1+ Kc5 66. Rxb5+ Kxb5 67. Ke4 Kc6 68.
Ke5 Kd7 69. Kf6 Ke8 70. f4 Kf8 71. g4 Kg8 72. g5 Kf8 73. Ke5 Ke7 74. f5 exf5 75.
Kxf5 Kf8 76. Kf6 Kg8 77. g6 fxg6 78. Kxg6 1/2-1/2

[Event "*** MasterClass Titled Tuesday Blitz"]
[Site "Chess.com"]
[Date "2017.10.03"]
[Round "4"]
[White "Oneofmyturns"]
[Black "Morf1us"]
[Result "1-0"]
[WhiteElo "2579"]
[BlackElo "2420"]
[TimeControl "180+2"]
[EndTime "13:58:05 PDT"]
[Termination "Oneofmyturns won by checkmate"]

1. e4 c5 2. Nf3 e6 3. d4 cxd4 4.
Nxd4 a6 5. Bd3 Bc5 6. Nb3 Be7 7. Qg4 g6 8. Qg3 d6 9. O-O Nd7 10. a4 b6 11. Na3 Qc7 12. Nc4 Bb7 13. Rd1 Ne5 14.
Nxe5 dxe5 15. Bg5 Nf6 16. Qh4 Nh5 17. a5 b5 18. Bxe7 Qxe7 19. Qxe7+ Kxe7 20. Nc5 Rab8 21. b4 Rhd8 22. f3 Nf6 23. c4 bxc4 24. Bxc4 Rxd1+ 25. Rxd1 Bc8 26. Bxa6 Rxb4 27. Bxc8 Rc4 28. a6 Rxc5 29. Bb7 Ra5 30. Bc8 Rc5 31. Bb7 Ra5 32. Rc1 Kd8 33. Rc8+ Kd7 34. Rf8 Ke7 35. Ra8 Nd7 36. Bc6 Nc5 37.
Bb7 Ra2 38. h4 h5 39. Kh2 Kf6 40. Kh3 Ra3 41. Rc8 Nxe4 42. Bxe4 Rxa6 43. Kh2 Ra2 44.
Rc7 Ra4 45. Kg3 Rb4 46. Ra7 Rb8 47. Bc6 Rc8 48. Bb5 Rb8 49. Ba4 Rf8 50. Kf2 Kf5 51. Bc2+ Kf6 52. Ke3 Rc8 53. Ba4 Rb8 54. g4 hxg4 55.
fxg4 Rf8 56. Ke4 Rd8 57. g5+ Kg7 58. Kxe5 Rd5+ 59. Ke4 Rf5 60. Bd1 Rf1 61. Bg4 Rg1 62. Kf3 Rf1+ 63. Kg2 Re1 64. Kf2 Re4 65. Kf3 Re1 66. Kf2 Re4 67. Kg3 Re5 68. Bf3 Re3 69. Kf4 Re1 70. Bg4 Rf1+ 71. Ke5 Re1+ 72. Kd6 Re4 73. Bh3 Rxh4 74. Bxe6 Rf4 75. Bd5 Rf2 76. Rd7 Rf4 77. Kc7 Rf5 78. Kd8 Rxg5 79. Rxf7+ Kh6 80.
Be6 Re5 81. Ke7 Re3 82. Rf1 Kg5 83. Rg1+ Kh6 84. Rg2 Re1 85. Kf6 Rf1+ 86. Ke7 Re1 87. Rf2 Kg5 88. Kf7 Ra1 89. Rg2+ Kf4 90. Rxg6 Ra7+ 91. Kf6 Ra6 92. Rg4+ Kf3 93. Rb4 Ra5 94. Bf5 Ke3 95. Re4+ Kf3 96. Re6 Kf4 97. Re4+ Kf3 98. Rd4 Ke3 99. Rd6 Kf4 100. Rd4+ Ke3 101. Rb4 Kf3 102. Kg5 Ke3 103. Rb3+ Kd4 104. Kf4 Kc4 105. Rb1 Ra7 106. Be4 Kc5 107. Rc1+ Kd4 108. Rd1+ Kc5 109. Bf5 Kc4 110. Ke3 Kc5 111. Be4 Ra3+ 112. Kf4 Ra7 113. Rc1+ Kd4 114. Rd1+ Kc5 115. Bf5 Kc4 116. Be6+ Kc5 117. Ke5 Rg7 118. Rc1+ Kb4 119. Kd4 Kb5 120. Bd5 Rg4+ 121. Be4 Rh4 122. Rc7 Rg4 123. Rb7+ Ka6 124. Rb1 Ka5 125. Kd5 Ka6 126. Kc6 Ka5 127. Bd5 Ka4 128. Kc5 Ka3 129. Rb3+ Ka4 130. Rh3 Rf4 131. Bc6+ Ka5 132. Ra3+ Ra4 133. Rxa4# 1-0

[Event "*** MasterClass Titled Tuesday Blitz"]
[Site "Chess.com"]
[Date "2017.10.03"]
[Round "5"]
[White "oskariot"]
[Black "djogrodek1"]
[Result "1/2-1/2"]
[WhiteElo "2484"]
[BlackElo "2399"]
[TimeControl "180+2"]
[EndTime "14:01:53 PDT"]
[Termination "Game drawn by agreement"]

1. Nc3 c5 2. d4 cxd4 3. Qxd4 Nc6 4. Qh4 Nf6 5. Bg5 e6 6. O-O-O Be7 7. e4 Qa5 8. Nf3 d6 9. Bc4 a6 10. Kb1 Bd7 11.
Rhe1 O-O-O 1/2-1/2

[Event "*** MasterClass Titled Tuesday Blitz"]
[Site "Chess.com"]
[Date "2017.10.03"]
[Round "5"]
[White "chess2matters"]
[Black "Muracle"]
[Result "1-0"]
[WhiteElo "2315"]
[BlackElo "2450"]
[TimeControl "180+2"]
[EndTime "14:02:41 PDT"]
[Termination "chess2matters won by resignation"]

1. d4 Nf6 2. c4 g6 3. g3 Bg7 4. Bg2 d5 5. cxd5 Nxd5 6. Nf3 Nb6 7. Nc3 O-O 8. O-O Nc6 9. e3 e5 10. d5 Ne7 11. e4 Bg4 12. h3 Bxf3 13. Qxf3 c6 14.
Rd1 cxd5 15. exd5 Nf5 16. d6 Rb8 17. Qd3 Qd7 18. Qb5 Rbd8 19. Qxd7 Rxd7 20. Ne4 Nd4 21. Be3 f5 22. Bxd4 exd4 23. Nc5 Rxd6 24. Nxb7 Rd7 25. Nc5 Re7 26. a4 Rc8 27. Nd3 Rd8 28. a5 Nd5 29. Rac1 Bf8 30. Rc5 Nf6 31. Rc6 Ne4 32. h4 Bh6 33. h5 gxh5 34. Rxh6 1-0

[Event "*** MasterClass Titled Tuesday Blitz"]
[Site "Chess.com"]
[Date "2017.10.03"]
[Round "5"]
[White "Jospem"]
[Black "PlotnikovPavel"]
[Result "1-0"]
[WhiteElo "2553"]
[BlackElo "2446"]
[TimeControl "180+2"]
[EndTime "14:02:54 PDT"]
[Termination "Jospem won by resignation"]

1. e4 e6 2. d4 d5 3. Nc3 Nf6 4. e5 Ng8 5. Nce2 b6 6. h4 Ba6 7. h5 h6 8. c3 Qd7 9. Nf3 c5 10. a3 Ne7 11. g4 Nbc6 12. Bg2 cxd4 13. cxd4 Na5 14. O-O g6 15. b4 Nc4 16. Nf4 g5 17. Nd3 Bg7 18. a4 O-O 19. Re1 f5 20. exf6 Bxf6 21.
b5 Bb7 22. Nfe5 Nxe5 23. Nxe5 Bxe5 24. Rxe5 Rf6 25. Qe1 Raf8 26. Ra2 Bc8 27. Rae2 Qd6 28. Qc3 Bd7 29. Ba3 1-0

[Event "*** MasterClass Titled Tuesday Blitz"]
[Site "Chess.com"]
[Date "2017.10.03"]
[Round "5"]
[White "fidetrainerNET"]
[Black "rickkrewson"]
[Result "1-0"]
[WhiteElo "2078"]
[BlackElo "1774"]
[TimeControl "180+2"]
[EndTime "14:03:19 PDT"]
[Termination "fidetrainerNET won by resignation"]

1. e4 Nc6 2. Nf3 Nf6 3. e5 Ng4 4. d4 d6 5. h3 Nh6 6. Bb5 a6 7. Ba4 b5 8. Bb3 dxe5 9. d5 Nd4 10. Nxd4 exd4 11. Qxd4 Nf5 12. Qe4 Nd6 13. Qf4 Qd7 14.
a4 Bb7 15. O-O g6 16. Qe5 f6 17. Qe2 Bg7 18. Re1 Kf7 19. Bf4 Rhe8 20. Nc3 Kf8 21. axb5 axb5 22. Rxa8 Rxa8 23. Bxd6 exd6 24. Nxb5 Qxb5 25.
Qxb5 1-0

[Event "*** MasterClass Titled Tuesday Blitz"]
[Site "Chess.com"]
[Date "2017.10.03"]
[Round "5"]
[White "Tarlev_Konstantin"]
[Black "RaphaeI"]
[Result "1-0"]
[WhiteElo "2600"]
[BlackElo "2415"]
[TimeControl "180+2"]
[EndTime "14:03:38 PDT"]
[Termination "Tarlev_Konstantin won by resignation"]

1. b3 e5 2. Bb2 Nc6 3. e3 d5 4. Bb5 Bd6 5. Nf3 Qe7 6. c4 a6 7.
Bxc6+ bxc6 8. c5 Bxc5 9. Nxe5 Bb7 10. O-O Bd6 11. Nf3 Nf6 12. d3 c5 13. Nbd2 O-O 14. Rc1 a5 15. Qc2 a4 16. Rfe1 Rfe8 17. e4 axb3 18.
Qxb3 dxe4 19. Qxb7 Rab8 20. Bxf6 Qxf6 21. Nxe4 1-0

[Event "*** MasterClass Titled Tuesday Blitz"]
[Site "Chess.com"]
[Date "2017.10.03"]
[Round "5"]
[White "Kirill_Klukin"]
[Black "cheese111"]
[Result "0-1"]
[WhiteElo "2486"]
[BlackElo "2385"]
[TimeControl "180+2"]
[EndTime "14:03:39 PDT"]
[Termination "cheese111 won by resignation"]

1. d4 Nf6 2. Nf3 g6 3. c4 Bg7 4.
Nc3 O-O 5. e4 d6 6. Be2 e5 7. O-O Nc6 8. d5 Ne7 9. Ne1 Nd7 10. f3 f5 11. g4 Kh8 12. Be3 Ng8 13. Nd3 h5 14. gxh5 f4 15. Bf2 Rf7 16. hxg6 Qg5+ 17.
Kh1 Qxg6 18. Rg1 Qh6 19. Rg4 Bf6 20. Qg1 Ne7 21. Qg2 Nf8 22. Rg1 Bxg4 23. Qxg4 Rg7 0-1

[Event "*** MasterClass Titled Tuesday Blitz"]
[Site "Chess.com"]
[Date "2017.10.03"]
[Round "5"]
[White "Vrolijk"]
[Black "Margency"]
[Result "1-0"]
[WhiteElo "2473"]
[BlackElo "2516"]
[TimeControl "180+2"]
[EndTime "14:03:47 PDT"]
[Termination "Vrolijk won by resignation"]

1. d4 Nf6 2. c4 g6 3. Nc3 d5 4. cxd5 Nxd5 5. Bd2 Nb6 6. e3 Bg7 7. f4 O-O 8. Nf3 c5 9. dxc5 N6d7 10. Ne4 Na6 11.
Bxa6 bxa6 12. c6 Nb8 13. Rc1 Nxc6 14. Rxc6 Bb7 15. Rc4 Qd3 16. Qa4 Qb1+ 17. Kf2 Qd3 18.
Nc5 Qd5 19. Nxb7 Qxb7 20. Qb3 Qd5 21. Bc3 Rab8 22. Rb4 Qa8 23. Bxg7 Kxg7 24. Rxb8 Rxb8 25.
Qc3+ Kg8 26. Rd1 Qe4 27. b3 h6 28. Qe5 Qb4 29. Rd4 Qb7 30. Qd5 Qb6 31. Ne5 e6 32.
Qd7 Rb7 33. Qe8+ Kg7 34. Rd8 1-0

[Event "*** MasterClass Titled Tuesday Blitz"]
[Site "Chess.com"]
[Date "2017.10.03"]
[Round "5"]
[White "JammyDodger91"]
[Black "SantoBlue"]
[Result "0-1"]
[WhiteElo "2412"]
[BlackElo "2554"]
[TimeControl "180+2"]
[EndTime "14:03:48 PDT"]
[Termination "SantoBlue won by checkmate"]

1. e4 g6 2. d4 Bg7 3. Nc3 d6 4. f4 Nf6 5. Nf3 O-O 6. Bd3 Nc6 7. O-O Bg4 8. e5 dxe5 9. dxe5 Nd5 10. Be4 Nxc3 11. bxc3 e6 12. Rb1 Rb8 13. Be3 a6 14. Qe2 Qe8 15. Qc4 Bxf3 16. Bxf3 Kh8 17. Rfd1 Bh6 18. Bxc6 bxc6 19. Rxb8 Qxb8 20. Qxc6 Qb2 21. Qxa6 Qxc2 22. Rd7 Qxc3 23. Qa7 Qe1# 0-1

[Event "*** MasterClass Titled Tuesday Blitz"]
[Site "Chess.com"]
[Date "2017.10.03"]
[Round "5"]
[White "JosephRyan"]
[Black "ruzomberok"]
[Result "1-0"]
[WhiteElo "2225"]
[BlackElo "2339"]
[TimeControl "180+2"]
[EndTime "14:03:49 PDT"]
[Termination "JosephRyan won by checkmate"]

1. e4 c5 2. Nf3 d6 3. Bb5+ Nd7 4. d4 cxd4 5. Qxd4 a6 6. Bxd7+ Bxd7 7. Nc3 Nf6 8. Bg5 e5 9. Qd3 Be6 10. O-O h6 11.
Bxf6 Qxf6 12. Nd5 Bxd5 13. Qxd5 O-O-O 14. a4 Be7 15. a5 Kb8 16. Rfd1 Rc8 17. c3 Rc5 18.
Qd3 Rhc8 19. Nd2 Qg6 20. Nf1 Rc4 21. f3 R4c6 22. Ne3 h5 23. Nd5 Bd8 24. b4 Rc4 25. Rdb1 h4 26. b5 h3 27. g3 axb5 28. Rxb5 R4c5 29.
Rab1 R5c7 30. a6 Ka7 31. Nxc7 Bxc7 32. Rxb7+ Ka8 33. Qd5 Bb8 34. Rxb8+ Ka7 35. Qb7# 1-0

[Event "*** MasterClass Titled Tuesday Blitz"]
[Site "Chess.com"]
[Date "2017.10.03"]
[Round "5"]
[White "robbykevlishvili"]
[Black "GeorgMeier"]
[Result "0-1"]
[WhiteElo "2303"]
[BlackElo "2787"]
[TimeControl "180+2"]
[EndTime "14:04:08 PDT"]
[Termination "GeorgMeier won on time"]

1. e4 e6 2. d4 d5 3. exd5 exd5 4. Bd3 Nc6 5. c3 Bd6 6. Ne2 Qh4 7. Na3 a6 8. g3 Qh5 9. O-O Nge7 10. Nf4 Qxd1 11. Rxd1 Bg4 12. Re1 Kd7 13. Nc2 h5 14. Bd2 g6 15. h4 Bxf4 16. Bxf4 Bf5 17. Bxf5+ Nxf5 18. Ne3 Nxe3 19. Rxe3 Rhe8 0-1

[Event "*** MasterClass Titled Tuesday Blitz"]
[Site "Chess.com"]
[Date "2017.10.03"]
[Round "5"]
[White "evgenysharapov"]
[Black "josiwales"]
[Result "0-1"]
[WhiteElo "2255"]
[BlackElo "2363"]
[TimeControl "180+2"]
[EndTime "14:04:09 PDT"]
[Termination "josiwales won by resignation"]

1. e4 c5 2. Nf3 Nc6 3. d4 cxd4 4. Nxd4 Nf6 5. Nc3 e5 6. Ndb5 d6 7. Bg5 a6 8. Na3 b5 9. Nd5 Be7 10. Bxf6 Bxf6 11. c3 Ne7 12. Nxf6+ gxf6 13. Nc2 d5 14. exd5 Nxd5 15. a4 Be6 16. axb5 Qb6 17. Be2 Nf4 18. g3 Rd8 19. Qc1 Qb7 20. Rg1 Nxe2 21. Kxe2 Bg4+ 22.
Ke1 Qf3 23. Kf1 Qd3+ 24. Kg2 Qe4+ 25. Kf1 Bh3+ 0-1

[Event "*** MasterClass Titled Tuesday Blitz"]
[Site "Chess.com"]
[Date "2017.10.03"]
[Round "5"]
[White "XeresLt"]
[Black "pultineviciuspaulius"]
[Result "0-1"]
[WhiteElo "2265"]
[BlackElo "2425"]
[TimeControl "180+2"]
[EndTime "14:04:16 PDT"]
[Termination "pultineviciuspaulius won by checkmate"]

1. e4 e5 2. Nf3 Nc6 3. d4 exd4 4. c3 Nf6 5. e5 Nd5 6. cxd4 d6 7. Qb3 Nb6 8. Ng5 d5 9. Qf3 Bb4+ 10. Nc3 O-O 11. Bd3 h6 12. Nh7 Nxd4 13. Qg3 Nf5 14. Bxf5 Bxf5 15.
Bxh6 Bg6 16. Nxf8 Qxf8 17. Bd2 Nc4 18. a3 Nxd2 19. axb4 Qxb4 20. Nxd5 Nf3+ 21. Ke2 Qc4+ 22. Kxf3 Qe4# 0-1

[Event "*** MasterClass Titled Tuesday Blitz"]
[Site "Chess.com"]
[Date "2017.10.03"]
[Round "5"]
[White "Morf1us"]
[Black "Gabrielian_Artur"]
[Result "0-1"]
[WhiteElo "2415"]
[BlackElo "2560"]
[TimeControl "180+2"]
[EndTime "14:04:29 PDT"]
[Termination "Gabrielian_Artur won by resignation"]

1. e4 e5 2. Nf3 Nc6 3. Bb5 a6 4.
Ba4 d6 5. O-O Bd7 6. c3 g6 7. d4 Bg7 8. d5 Nce7 9. c4 Nf6 10.
Nc3 O-O 11. Bxd7 Nxd7 12. Ne1 f5 13. exf5 gxf5 14. Nd3 Ng6 15. f3 c6 16. Be3 Nf6 17. Qb3 cxd5 18. cxd5 Qd7 19. Na4 Qf7 20. Nb6 Rae8 21.
Rac1 f4 22. Bf2 e4 23. fxe4 Nxe4 24. Be1 Qf5 25. h3 Qh5 26. Kh2 Ng5 27. Nf2 f3 28.
g4 Be5+ 29. Kh1 Qh6 0-1

[Event "*** MasterClass Titled Tuesday Blitz"]
[Site "Chess.com"]
[Date "2017.10.03"]
[Round "5"]
[White "TheFlaminGM"]
[Black "SCIM"]
[Result "1-0"]
[WhiteElo "2587"]
[BlackElo "2414"]
[TimeControl "180+2"]
[EndTime "14:04:37 PDT"]
[Termination "TheFlaminGM won by resignation"]

1. e4 e5 2. Nf3 Nc6 3. Bc4 Bc5 4. O-O d6 5. c3 Nf6 6. d3 a6 7. Bb3 Ba7 8. Nbd2 O-O 9. h3 h6 10. Re1 Re8 11. Nf1 Be6 12. Bc2 d5 13. exd5 Bxd5 14.
Ng3 Qd7 15. Nh4 Rad8 16. Nhf5 Re6 17. Nxg7 Kxg7 18. Bxh6+ Kxh6 19. d4 e4 20. Qd2+ Kh7 21. Nf5 Ng8 22. f3 Rg6 23. fxe4 Be6 24. Qf4 Nh6 25.
Nxh6 Rxh6 26. e5+ Kh8 27. Qxh6+ Kg8 28. Re3 1-0

[Event "*** MasterClass Titled Tuesday Blitz"]
[Site "Chess.com"]
[Date "2017.10.03"]
[Round "5"]
[White "NateSolon"]
[Black "DiogenesSinopeus"]
[Result "1-0"]
[WhiteElo "2326"]
[BlackElo "2354"]
[TimeControl "180+2"]
[EndTime "14:04:59 PDT"]
[Termination "NateSolon won by resignation"]

1. d4 Nf6 2. Bf4 d5 3. e3 c5 4. Nc3 cxd4 5. exd4 a6 6. Nf3 Nc6 7. Ne5 Bf5 8. g4 Nxe5 9. gxf5 Nc6 10. Qd2 Qb6 11.
O-O-O Rc8 12. Bg2 Nb4 13. a3 Rxc3 14. axb4 Rc4 15. b3 Rxb4 16. Bc7 Qxc7 17. Qxb4 e5 18. Qa4+ Nd7 19. dxe5 Be7 20. Rxd5 b5 21. Qxa6 O-O 22. Qxb5 Rc8 23. c4 Nb6 24. Rd3 Ba3+ 25. Kc2 Qxe5 26. Qxe5 1-0

[Event "*** MasterClass Titled Tuesday Blitz"]
[Site "Chess.com"]
[Date "2017.10.03"]
[Round "5"]
[White "SerGo055"]
[Black "Indianlad"]
[Result "0-1"]
[WhiteElo "2426"]
[BlackElo "2611"]
[TimeControl "180+2"]
[EndTime "14:05:09 PDT"]
[Termination "Indianlad won by resignation"]

1. d4 Nf6 2. Nf3 g6 3. c4 Bg7 4. Nc3 d5 5. Bf4 O-O 6. e3 Be6 7. c5 c6 8. b4 Bg4 9. Be2 Nh5 10. Be5 Bxf3 11. Bxf3 Bxe5 12. dxe5 Ng7 13. Bg4 a5 14. a3 axb4 15. axb4 Rxa1 16. Qxa1 Na6 17. Qb2 Qb8 18. f4 b6 19. Be2 Nc7 20. Na4 bxc5 21. Nxc5 Qa7 22. O-O Rb8 23. Qd4 Nf5 24. Qc3 d4 25. exd4 Nd5 26. Qa1 Qxa1 27. Rxa1 Nxd4 28. Bc4 Rxb4 29. Bxd5 cxd5 30. Ra8+ Kg7 31. Rd8 Ne2+ 32. Kf2 Nxf4 33. g3 Rc4 34. Nd7 Nd3+ 35. Ke3 Nxe5 36. Nb6 Re4+ 37. Kf2 e6 0-1